[gd_scene load_steps=8 format=2]

[ext_resource path="res://assets/models/decorations/stove_top/stove_top.gltf" type="PackedScene" id=1]
[ext_resource path="res://assets/shaders/cel.shader" type="Shader" id=2]

[sub_resource type="ShaderMaterial" id=1]
shader = ExtResource( 2 )
shader_param/use_shadow = false
shader_param/base_color = Color( 0.968627, 0.0431373, 0.0431373, 1 )
shader_param/use_specular = false
shader_param/specular_tint = Color( 0.75, 0.75, 0.75, 0.75 )

[sub_resource type="ShaderMaterial" id=2]
shader = ExtResource( 2 )
shader_param/use_shadow = false
shader_param/base_color = Color( 0.972549, 0.94902, 0.94902, 1 )
shader_param/use_specular = false
shader_param/specular_tint = Color( 0.75, 0.75, 0.75, 0.75 )

[sub_resource type="ShaderMaterial" id=3]
shader = ExtResource( 2 )
shader_param/use_shadow = false
shader_param/base_color = Color( 0.415686, 0.454902, 0.470588, 1 )
shader_param/use_specular = false
shader_param/specular_tint = Color( 0.75, 0.75, 0.75, 0.75 )

[sub_resource type="ShaderMaterial" id=4]
shader = ExtResource( 2 )
shader_param/use_shadow = false
shader_param/base_color = Color( 0, 0, 0, 1 )
shader_param/use_specular = false
shader_param/specular_tint = Color( 0.75, 0.75, 0.75, 0.75 )

[sub_resource type="ShaderMaterial" id=5]
shader = ExtResource( 2 )
shader_param/use_shadow = false
shader_param/base_color = Color( 0.0705882, 0.0666667, 0.0666667, 1 )
shader_param/use_specular = false
shader_param/specular_tint = Color( 0.75, 0.75, 0.75, 0.75 )

[node name="stove_top" instance=ExtResource( 1 )]

[node name="Cylinder001" parent="." index="0"]
material/0 = SubResource( 1 )

[node name="Cylinder" parent="Cylinder001" index="0"]
material/0 = SubResource( 2 )

[node name="Cylinder002" parent="Cylinder001" index="1"]
material/0 = SubResource( 2 )

[node name="Cylinder004" parent="Cylinder001" index="2"]
material/0 = SubResource( 2 )

[node name="Cylinder007" parent="Cylinder001" index="3"]
material/0 = SubResource( 2 )

[node name="Cylinder003" parent="." index="1"]
material/0 = SubResource( 1 )

[node name="Cylinder005" parent="." index="2"]
material/0 = SubResource( 1 )

[node name="Cylinder006" parent="." index="3"]
material/0 = SubResource( 1 )

[node name="Frame" parent="." index="4"]
material/0 = SubResource( 3 )
material/1 = SubResource( 4 )

[node name="Small1" parent="." index="5"]
material/0 = SubResource( 5 )

[node name="Small2" parent="." index="6"]
material/0 = SubResource( 5 )

[node name="Large1" parent="." index="7"]
material/0 = SubResource( 5 )

[node name="Large2" parent="." index="8"]
material/0 = SubResource( 5 )
